 Dungeon Crawl Stone Soup version 0.29-a0-994-gc5c9f59d18 (webtiles) character file.

Game seed: 11089255515344014214

4229 concernfroge the Fighter (level 10, -9/85 HPs)
             Began as a Mummy Monk on Aug 4, 2022.
             Was a Priest of Cheibriados.
             Mangled by a two-headed ogre
             ... wielding a +0 giant club
              (21 damage)
             ... on level 9 of the Dungeon.
             The game lasted 00:33:08 (10876 turns).

concernfroge the Fighter (Mummy Monk)              Turns: 10876, Time: 00:33:09

Health: -9/85      AC: 22    Str: 26    XL:     10   Next: 9%
Magic:  10/10      EV:  7    Int: 18    God:    Cheibriados [***...]
Gold:   1568       SH:  4    Dex: 23    Spells: 9/9 levels left

rFire   x . .      SeeInvis .   k - +3 trident (protect)
rCold   + . .      Faith    .   b - +0 buckler
rNeg    + + +      Spirit   .   t - +0 plate armour
rPois   ∞          Reflect  .   (no helmet)
rElec   .          Harm     .   (no cloak)
rCorr   .          Rampage  .   l - +1 pair of gloves
Will    +....                   d - +2 pair of boots
Stlth   ..........              (no amulet)
HPRegen 0.24/turn               (no ring)
MPRegen 0.12/turn               (no ring)

@: under a protective aura, very slow
A: cold resistance 1, negative energy resistance 3, torment resistance 2, heat
vulnerability 1, in touch with death 1, no potions
a: Renounce Religion, Bend Time, Temporal Distortion


You were on level 9 of the Dungeon.
You worshipped Cheibriados.
Cheibriados was most pleased with you.
You visited 2 branches of the dungeon, and saw 10 of its levels.

You collected 1568 gold pieces.

Inventory:

Hand Weapons
 k - a +3 trident of protection (weapon)
Missiles
 h - 26 poisoned darts (quivered)
Armour
 b - a +0 buckler (worn)
 d - a +2 pair of boots (worn)
 i - +0 acid dragon scales
 l - a +1 pair of gloves (worn)
 t - a +0 plate armour (worn)
Jewellery
 g - a ring of resist corrosion
 o - a +4 ring of protection
Wands
 q - a wand of flame (25)
Scrolls
 a - 2 scrolls of vulnerability
 c - a scroll of enchant armour
 e - 3 scrolls of noise
 f - a scroll of identify
 m - a scroll of brand weapon
 r - a scroll of immolation


   Skills:
 - Level 10.0 Fighting
 + Level 9.8 Polearms
 - Level 2.4 Dodging
 - Level 1.5 Stealth


You had 9 spell levels left.
You didn't know any spells.
Your spell library contained the following spells:

 Spells                   Type           Power      Damage    Failure   Level
 Sandblast                Erth           0%         2d4       99%         1
 Passwall                 Tmut/Erth      0%         N/A       100%        2
 Gell's Gravitas          Tloc           0%         N/A       100%        3
 Stone Arrow              Conj/Erth      0%         3d7       100%        3
 Teleport Other           Tloc           0%         N/A       100%        3
 Dispersal                Tloc           0%         N/A       100%        6


Dungeon Overview and Level Annotations

Branches:
Dungeon (9/15)             Temple (1/1) D:6
   Lair: D:8-11         Orc: D:9-12

Altars:
Ashenzari
Cheibriados
Dithmenos
Fedhas
Gozag
Hepliaklqana
Kikubaaqudgha
Makhleb
Nemelex Xobeh
Okawaru
Qazlal
Ru
Sif Muna
Trog
Uskayaw
Vehumet
Wu Jian
Xom
Yredelemnul

Annotations:
D:9 2 transporters, Erica; ytrimaz's ghost, novice DsBe


Innate Abilities, Weirdness & Mutations

You are immune to poison.
Your flesh is cold resistant. (rC+)
You are immune to negative energy. (rN+++)
You are immune to unholy pain and torment.
You are vulnerable to heat. (rF-)
You are in touch with the powers of death.
You do not drink.


Message History

You fail to use your ability.
You block the two-headed ogre's attack. x2
You hit the two-headed ogre but do no damage.
Your weapon exudes an aura of protection.
You block the two-headed ogre's attack. The two-headed ogre barely misses you.
You puncture the two-headed ogre!
The two-headed ogre is lightly wounded.
You puncture the two-headed ogre!
The two-headed ogre is moderately wounded.
The two-headed ogre hits you with a +0 giant club! x2
* * * LOW HITPOINT WARNING * * *
You barely miss the two-headed ogre.
The two-headed ogre is moderately wounded.
You barely miss the two-headed ogre.
The two-headed ogre is moderately wounded.
The two-headed ogre barely misses you. x2
You hit the two-headed ogre but do no damage.
The two-headed ogre is moderately wounded.
You block the two-headed ogre's attack. The two-headed ogre barely misses you.
You hit the two-headed ogre.
The two-headed ogre is moderately wounded.
You barely miss the two-headed ogre.
The two-headed ogre is moderately wounded.
The two-headed ogre hits you but does no damage.
The two-headed ogre closely misses you.
You hit the two-headed ogre.
The two-headed ogre is moderately wounded.
You closely miss the two-headed ogre.
The two-headed ogre is moderately wounded.
You block the two-headed ogre's attack. The two-headed ogre barely misses you.
You puncture the two-headed ogre!
The two-headed ogre is heavily wounded.
You puncture the two-headed ogre!
The two-headed ogre is severely wounded.
The two-headed ogre closely misses you. x2
You puncture the two-headed ogre!
The two-headed ogre is almost dead.
You barely miss the two-headed ogre.
The two-headed ogre is almost dead.
The two-headed ogre hits you with a +0 giant club!!
You die...

##....#..#....#..............
......####....###............
................#.........!..
.....(..........#............
#.............#.......#####
#....†........#!......#...#
#.......)O....#.......#...#
#........##O###.......#)..'
#######........#@..........))...#
...............#..........).#####
......######...#.....######......
......#....###'#.....# #......
......#..............#....#......
......#..............#....#..####
#####'#..............#....#..#
............<........#....#..#
.....^..#######+###..#....#..#


You could see a two-headed ogre.

Vanquished Creatures
  A manticore (D:9)
  2 hornets
  2 wyverns
  An acid dragon (D:9)
  2 water moccasins
  Duvessa (D:7)
  A black bear (D:6)
  5 orc warriors
  An ice beast (D:6)
  2 sky beasts
  An ogre (D:5)
  3 centaurs
  A kobold brigand (D:8)
  3 scorpions
  4 bullfrogs
  A wight (D:9)
  Dowan (D:7)
  A crimson imp (D:3)
  3 hounds
  2 jellies
  A gnoll bouda (D:6)
  5 orc priests
  An iguana (D:6)
  10 orc wizards
  5 gnolls
  11 adders
  2 shadow imps
  A white imp (D:8)
  3 dart slugs
  30 orcs
  5 bats
  10 endoplasms
  3 giant cockroaches
  8 goblins
  5 hobgoblins
  15 kobolds
  4 quokkas
  8 ball pythons
  9 frilled lizards
  2 goblin zombies (D:3)
  A hobgoblin zombie (D:3)
  2 kobold skeletons (D:3)
  A kobold zombie (D:3)
  3 orc skeletons (D:3)
  An orc zombie (D:3)
  3 rats (D:1)
187 creatures vanquished.

Vanquished Creatures (others)
  An orc wizard (D:8)
  3 plants (D:6)
4 creatures vanquished.

Grand Total: 191 creatures vanquished

Notes
Turn   | Place    | Note
-------+----------+-------------------------------------------
     0 | D:1      | concernfroge the Mummy Monk began the quest for the Orb.
     0 | D:1      | Reached XP level 1. HP: 18/18 MP: 1/1
   332 | D:1      | Reached XP level 2. HP: 24/24 MP: 2/2
   758 | D:1      | Reached skill level 4 in Fighting
   903 | D:1      | Found a faded altar of an unknown god.
  1319 | D:2      | Gained mutation: You are in touch with the powers of death.
                  | [Mummy growth]
  1319 | D:2      | Reached XP level 3. HP: 31/31 MP: 3/3
  1722 | D:2      | Reached XP level 4. HP: 38/38 MP: 4/4
  1874 | D:3      | Reached skill level 5 in Fighting
  1972 | D:3      | Identified a scroll of acquirement
  1972 | D:3      | Acquired 1046 gold pieces
  2380 | D:3      | Reached XP level 5. HP: 46/46 MP: 5/5
  2448 | D:3      | Found a shadowy altar of Dithmenos.
  2476 | D:3      | Reached skill level 6 in Fighting
  3161 | D:4      | HP: 2/46 [something/puff of flame (15)]
  3777 | D:4      | Reached XP level 6. HP: 42/53 MP: 6/6
  3850 | D:4      | Found a large runed translucent door.
  3851 | D:4      | Found a large runed translucent door.
  4026 | D:4      | Reached skill level 7 in Fighting
  4256 | D:4      | Found a burning altar of Makhleb.
  4711 | D:4      | Found a bloodstained altar of Trog.
  4791 | D:4      | Found a basalt altar of Yredelemnul.
  4887 | D:5      | Entered Level 5 of the Dungeon
  5341 | D:5      | Reached skill level 8 in Fighting
  5341 | D:5      | Reached XP level 7. HP: 27/62 MP: 7/7
  6018 | D:6      | Reached skill level 9 in Fighting
  6259 | D:6      | Reached XP level 8. HP: 71/72 MP: 8/8
  6477 | D:6      | Reached skill level 10 in Fighting
  7106 | D:6      | Identified the +1 hat of the Ditch-Digger {rF+}
  7117 | D:6      | Found a staircase to the Ecumenical Temple.
  7126 | Temple   | Entered the Ecumenical Temple
  7250 | Temple   | Became a worshipper of Cheibriados the Contemplative
  7250 | Temple   | Reached * piety under Cheibriados
  7250 | Temple   | Reached ** piety under Cheibriados
  7793 | D:7      | Reached skill level 5 in Polearms
  7864 | D:7      | Noticed Dowan
  7864 | D:7      | Noticed Duvessa
  7870 | D:7      | Killed Dowan
  7871 | D:7      | Killed Duvessa
  8020 | D:7      | Reached XP level 9. HP: 61/78 MP: 9/9
  8458 | D:7      | Found an opulent altar of Gozag.
  9033 | D:8      | Reached *** piety under Cheibriados
  9941 | D:9      | Noticed a manticore
  9945 | D:9      | Noticed a two-headed ogre
  9957 | D:9      | Noticed a two-headed ogre
  9964 | D:9      | Found a transporter.
  9968 | D:9      | Found a transporter.
  9969 | D:9      | Found a bloodstained altar of Trog.
  9972 | D:9      | Noticed a moth of wrath
  9972 | D:9      | Noticed a two-headed ogre
  9972 | D:9      | Noticed a tengu warrior
  9973 | D:9      | Noticed a two-headed ogre
  9974 | D:9      | Noticed a troll
  9974 | D:9      | Noticed a troll
  9975 | D:9      | Noticed ytrimaz's ghost (novice DsBe)
 10382 | D:9      | Noticed Erica
 10517 | D:9      | Noticed a two-headed ogre
 10547 | D:9      | Found a stormy altar of Qazlal.
 10799 | D:9      | Killed a manticore
 10800 | D:9      | Reached XP level 10. HP: 34/85 MP: 10/10
 10876 | D:9      | Mangled by a two-headed ogre

Illustrated notes

Levels and vault maps discovered:
D:1:      minmay_arrival_five_plusses, layout_basic,
          hellmonk_ecumenical_altar_heavens_door
D:2:      layout_basic, dreamdust_princess_corridor, minmay_goblin_kobold_house
D:3:      layout_basic, mainiacjoe_overflow_24_doors,
          nicolae_tso_besieged_by_evil, wander_ebering_terrifying_dragon_lair
D:4:      layout_basic, nicolae_overflow_crystal_walls, jmf_multi_god_temple2
D:5:      layout_loops_ring, elyvilon_altar_4
D:6:      layout_basic, minmay_temple_entry_overgrown
D:7:      layout_cave_pods, amcnicky_altar_gilded, uniq_duvessa
D:8:      minmay_angry_zag, layout_basic
D:9:      layout_irregular_city, grunt_qazlal_sundering,
          gammafunk_ghost_wrathful_warriors, enter_bailey_7, uniq_erica
Temple:   nicolae_temple_two_arcs

Skill      XL: |  1  2  3  4  5  6  7  8  9 |
---------------+----------------------------+-----
Fighting       | 4 5 6 8 9 10 | 10.0
Polearms       | 6 9 |  9.8
Dodging        | |  2.4
Stealth        | |  1.5

Action                   |  1- 3 |  4- 6 |  7- 9 | 10-12 || total
-------------------------+-------+-------+-------+-------++-------
Melee: Spear             |    50 |       |       |       ||    50
       Punch             |     1 |       |       |       ||     1
       Quarterstaff      |    45 |   112 |       |       ||   157
       Trident           |       |   212 |   361 |    17 ||   590
       War axe           |       |       |    32 |       ||    32
Throw: Dart              |       |       |    29 |     2 ||    31
Evoke: Wand              |       |       |    28 |     2 ||    30
  Use: Scroll            |       |     8 |    22 |     1 ||    31
 Stab: Sleeping          |     8 |       |       |       ||     8
Armor: Robe              |     7 |       |       |       ||     7
       Leather armour    |    17 |    36 |       |       ||    53
       Ring mail         |       |    19 |       |       ||    19
       Scale mail        |       |   108 |    29 |       ||   137
       Chain mail        |       |       |   198 |       ||   198
       Plate armour      |       |       |    77 |     1 ||    78
Dodge: Dodged            |    59 |   153 |   121 |     9 ||   342
Block: Buckler           |       |    34 |    68 |     5 ||   107

Table legend: (Time is in decaauts)
 A = Elapsed time spent in this place.
 B = Non-inter-level travel time spent in this place.
 C = Inter-level travel time spent in this place.
 D = Time resting spent in this place.
 E = Time spent auto-exploring this place.
 F = Levels seen in this place.
 G = Mean time per level.
                   A        B        C        D        E       F      G
               +--------+--------+--------+--------+--------+-----+--------+
         Total |  12276 |  11308 |    968 |    709 |   8564 |  10 | 1227.6 |
       Dungeon |  12140 |  11195 |    945 |    709 |   8460 |   9 | 1348.9 |
        Temple |    136 |    113 |     23 |      0 |    104 |   1 |  136.0 |
               +--------+--------+--------+--------+--------+-----+--------+

Top non-repeatable levels by time:
     D:8: 2010 daAuts
     D:6: 1816 daAuts
     D:3: 1714 daAuts
     D:7: 1436 daAuts
     D:4: 1433 daAuts
     D:1: 1189 daAuts
     D:5: 1045 daAuts
     D:9: 867 daAuts
     D:2: 627 daAuts
  Temple: 136 daAuts
